 Dungeon Crawl Stone Soup version 0.31-a0-152-g6aa68a64a1 (webtiles) character file.

Game seed: 2996222494931058011

27 qw the Shooter (level 3, -3/21 HPs)
             Began as a Gargoyle Hunter on June 8, 2023.
             Slain by Sigmund
             ... wielding a +0 scythe
              (8 damage)
             ... on level 2 of the Dungeon.
             The game lasted 00:00:19 (1228 turns).

qw the Shooter (Gargoyle Hunter)                    Turns: 1228, Time: 00:00:20

Health: -3/21      AC:  6    Str: 14    XL:     3   Next: 10%
Magic:  3/3        EV: 11    Int:  9    God:
Gold:   55         SH:  0    Dex: 15    Spells: 2/2 levels left

rFire   . . .        Y - +0 shortbow
rCold   . . .        (shield currently unavailable)
rNeg    + . .        c - +0 leather armour
rPois   inf          (no helmet)
rElec   +            (no cloak)
rCorr   .            (no gloves)
SInv    .            (no boots)
Will    .....        (no amulet)
Stlth   ++           (no ring)
HPRegen 0.23/turn    (no ring)
MPRegen 0.08/turn

%: no passive effects
@: no status effects
A: sickness immunity, AC +3, negative energy resistance 1, electricity
resistance, torment resistance 1, petrification resistance
a: no special abilities


You were on level 2 of the Dungeon.
You visited 1 branch of the dungeon, and saw 2 of its levels.

You collected 55 gold pieces.


Innate Abilities, Weirdness & Mutations

You are immune to sickness and miasma.
Your stone body is resilient. (AC +3)
You are immune to poison.
You resist negative energy. (rN+)
You are resistant to electric shocks. (rElec)
You are resistant to unholy torment.
You are immune to petrification.


   Skills:
 + Level 2.1 Fighting
 - Level 5.0 Ranged Weapons
 - Level 1.5 Dodging
 - Level 1.1 Stealth


You had 2 spell levels left.
You didn't know any spells.
Your spell library was empty.

Inventory:

Hand Weapons
 Y - a +0 shortbow (weapon)
Armour
 b - a +0 ring mail
 c - a +0 leather armour (worn)
Scrolls
 a - a scroll of teleportation {unknown}
Potions
 e - a potion of heal wounds {unknown}
 f - a potion of haste {unknown}

Dungeon Overview and Level Annotations

Branches:
Dungeon (2/15)

Altars:

Annotations:
D:2 Sigmund


Message History

You shoot an arrow. The arrow hits the ball python.
You kill the ball python!
Your Ranged Weapons skill increases to level 5!
Sigmund the Dreaded comes into view.
He is wielding a +0 scythe and wearing a +1 robe of positive energy.
Enter note: You shoot an arrow.
The arrow hits Sigmund!
Sigmund shouts!
Sigmund is moderately wounded.
You shoot an arrow. The arrow hits Sigmund.
Sigmund is moderately wounded.
Enter note: You shoot an arrow.
The arrow barely misses Sigmund.
You shoot an arrow. The arrow hits Sigmund.
Sigmund is heavily wounded.
Sigmund hits you from afar with a +0 scythe.
You shoot an arrow.
The arrow hits Sigmund but does no damage.
Sigmund is heavily wounded.
You shoot an arrow. The arrow hits Sigmund.
Sigmund is heavily wounded.
Sigmund barely misses you.
You shoot an arrow. The arrow closely misses Sigmund.
Sigmund casts a spell at you. The magic dart hits you.
You shoot an arrow. The arrow hits Sigmund.
Sigmund is severely wounded.
Sigmund is suddenly surrounded by pale red light.
Sigmund hits you from afar with a +0 scythe.
You shoot an arrow.
The arrow hits Sigmund but does no damage.
Sigmund is severely wounded.
Sigmund hits you from afar with a +0 scythe!
Enter note:
1226 ||| UPGRADING to +0 ring mail.
Sigmund barely misses you.
You start removing your armour.
You continue taking off your +0 leather armour. x2
Sigmund hits you from afar with a +0 scythe!
You stop removing your armour.
You die...

####### .......
....... .......
......@
.......######
.......@....#### .
......?####....####
....... ####....##
....... ####..#####
....... ##......
....... #......
##..... #......
#..... ##.)...
#.....


You could see Sigmund.

Vanquished Creatures
  A worm (D:1)
  2 bats (D:1)
  An endoplasm (D:2)
  A giant cockroach (D:1)
  2 goblins (D:2)
  A hobgoblin (D:1)
  6 jackals
  A kobold (D:1)
  A quokka (D:1)
  3 ball pythons
  2 rats (D:1)
21 creatures vanquished.

Notes
Turn   | Place    | Note
-------+----------+-------------------------------------------
     0 | D:1      | qw the Gargoyle Hunter began the quest for the Orb.
     0 | D:1      | Reached XP level 1. HP: 12/12 MP: 1/1
     0 | D:1      | 0 ||| qw: Version: 0.2-a-120-gdf1a93b
     0 | D:1      | 0 ||| qw: Game counter: 3150
     0 | D:1      | 0 ||| qw: Always use a shield: true
     0 | D:1      | 0 ||| qw: God list: Okawaru
     0 | D:1      | 0 ||| qw: Allow faded altars: false
     0 | D:1      | 0 ||| qw: Do Orc after D:15 true
     0 | D:1      | 0 ||| qw: Do second Lair branch before Depths: true
     0 | D:1      | 0 ||| qw: Lair rune preference: random
     0 | D:1      | 0 ||| qw: Plans: Normal
     0 | D:1      | 0 ||| PLANNING D:1-11
   132 | D:1      | Found a faded altar of an unknown god.
   257 | D:1      | Reached XP level 2. HP: 17/17 MP: 2/2
   960 | D:1      | 960 ||| READING 2 scrolls labelled FESASITH IMOIM.
   961 | D:1      | 961 ||| READING scroll labelled ZOECVO VOBOS.
   962 | D:1      | 962 ||| DROPPING scroll of summoning.
   963 | D:1      | 963 ||| DROPPING scroll of butterflies.
  1000 | D:2      | 1000 ||| STAIRDANCE
  1002 | D:1      | HP: 4/17 [worm (5)]
  1003 | D:1      | HP: 1/17 [worm (3)]
  1164 | D:2      | Reached XP level 3. HP: 21/21 MP: 3/3
  1198 | D:2      | Reached skill level 5 in Ranged Weapons
  1215 | D:2      | Noticed Sigmund
  1225 | D:2      | HP: 5/21 [Sigmund/+0 scythe (9)]
  1226 | D:2      | 1226 ||| UPGRADING to +0 ring mail.
  1228 | D:2      | Slain by Sigmund

Levels and vault maps discovered:
D:1:      erik_arrival_orb_chamber, layout_basic, shapermc_ecumenical_altar_venn
D:2:      layout_basic, minmay_misc_feat_diagonals,
          chequers_serial_rivers_micro_e, minmay_misc_feat_rows,
          kennysheep_big_empty_room, uniq_sigmund

Skill      XL: |  1  2  3 |
---------------+----------+-----
Ranged Weapons | 5 |  5.0
Fighting       | |  2.1
Dodging        | |  1.5
Stealth        | |  1.1

Action                     || total
---------------------------++-------
   Fire: Shortbow          ||    74
    Use: Scroll            ||     2
 Armour: Leather armour    ||    10
  Dodge: Dodged            ||    33

Table legend:
 A = Non-vault XP
 B = Vault XP
 C = Vault XP percentage of total XP
 D = Non-vault monster count
 E = Vault monster count
 F = Vault count percentage of total count
                 A         B        C        D         E       F
            +---------+---------+-------+---------+---------+-------
      Total |      39 |       0 |   0.0 |      21 |       0 |   0.0
            +---------+---------+-------+---------+---------+-------
        D:1 |      27 |       0 |   0.0 |      14 |       0 |   0.0
        D:2 |      12 |       0 |   0.0 |       7 |       0 |   0.0
            +---------+---------+-------+---------+---------+-------
